| TOP OF THE 1ST |
|
Birmingham Barons batting - Pitching for Jackson Generals : LHP Andy Mathis
|
|
Pitching: LHP Andy Mathis
|
|
|
Batting: SHB Jay Gagnon
|
0-0: Ball 1-0: SINGLE (Line Drive, 4D, EV 98.1 MPH)
|
|
Batting: RHB Mike Savage
|
0-0: Ball 1-0: Ball 2-0: Fly out, F9 (Flyball, 89S, EV 90.6 MPH)
|
|
Batting: SHB Ruben Velasco Jr.
|
0-0: Ball 1-0: Foul Ball, location: 2F 1-1: Swinging Strike 1-2: Strikes out looking Jay Gagnon steals 2nd, throwing error, E2 Jay Gagnon to third
|
|
Batting: RHB Josiah Wright
|
0-0: Ball 1-0: Foul Ball, location: 2F 1-1: Ball 2-1: Ball 3-1: Called Strike 3-2: Base on Balls
|
|
Batting: LHB Larry Myers
|
0-0: Ball 1-0: Ball 2-0: Ball 3-0: Ground out 4-3 (Groundball, 4, EV 102.5 MPH)
|
| Top of the 1st over - 0 runs, 1 hit, 1 error, 2 left on base; Birmingham 0 - Jackson 0 |
| BOTTOM OF THE 1ST |
|
Jackson Generals batting - Pitching for Birmingham Barons : RHP Mike Mik
|
|
Pitching: RHP Mike Mik
|
|
|
Batting: RHB Tomokazu Sugimoto
|
0-0: Called Strike 0-1: Ball 1-1: Foul Ball, location: 2F 1-2: Foul Ball, location: 2F 1-2: Ball 2-2: Foul Ball, location: 2F 2-2: Ball 3-2: Strikes out swinging
|
|
Batting: RHB Enrique Valdez
|
0-0: Ball 1-0: SINGLE (Groundball, 6MD, EV 100.6 MPH)
|
|
Batting: RHB Adan Lake
|
0-0: Grounds into double play, 5-4-3 (Groundball, 5, EV 90.0 MPH)
|
| Bottom of the 1st over - 0 runs, 1 hit, 0 errors, 0 left on base; Birmingham 0 - Jackson 0 |
| TOP OF THE 2ND |
|
Birmingham Barons batting - Pitching for Jackson Generals : LHP Andy Mathis
|
|
Batting: RHB Ethan McCullough
|
0-0: SINGLE (Groundball, 6MD, EV 100.0 MPH)
|
|
Batting: LHB Dalton Silveira
|
0-0: Called Strike 0-1: Grounds into double play, 4-6-3 (Groundball, 4M, EV 105.6 MPH)
|
|
Batting: LHB Justin Stickney
|
0-0: Foul Ball, location: 2F 0-1: Ball 1-1: Foul Ball, location: 2F 1-2: Foul Ball, location: 2F 1-2: Foul Ball, location: 2F 1-2: Foul Ball, location: 2F 1-2: Ground out 6-3 (Groundball, 6, EV 89.4 MPH)
|
| Top of the 2nd over - 0 runs, 1 hit, 0 errors, 0 left on base; Birmingham 0 - Jackson 0 |
| BOTTOM OF THE 2ND |
|
Jackson Generals batting - Pitching for Birmingham Barons : RHP Mike Mik
|
|
Batting: RHB Mike Conaway
|
0-0: Called Strike 0-1: Ball 1-1: Ground out 6-3 (Groundball, 56, EV 88.1 MPH)
|
|
Batting: RHB Julian Gregory
|
0-0: Called Strike 0-1: Ball 1-1: Ground out 4-3 (Groundball, 4, EV 81.9 MPH)
|
|
Batting: SHB Brendan Bundy
|
0-0: Foul Ball, location: 2F 0-1: Foul Ball, location: 2F 0-2: Strikes out looking
|
| Bottom of the 2nd over - 0 runs, 0 hits, 0 errors, 0 left on base; Birmingham 0 - Jackson 0 |
| TOP OF THE 3RD |
|
Birmingham Barons batting - Pitching for Jackson Generals : LHP Andy Mathis
|
|
Batting: RHB John Iddings
|
0-0: Called Strike 0-1: Ball 1-1: Ground out 5-3 (Groundball, 56S, EV 86.2 MPH)
|
|
Batting: SHB Jay Gagnon
|
0-0: Ball 1-0: Ball 2-0: Fly out, F8 (Flyball, 8RM, EV 89.4 MPH)
|
|
Batting: RHB Mike Savage
|
0-0: Ball 1-0: Foul Ball, location: 2F 1-1: Ball 2-1: DOUBLE (Line Drive, 89D, EV 109.4 MPH)
|
|
Batting: SHB Ruben Velasco Jr.
|
0-0: Called Strike 0-1: Foul Ball, location: 2F 0-2: Foul Ball, location: 2F 0-2: Ball 1-2: Ground out 5-3 (Groundball, 56, EV 107.5 MPH)
|
| Top of the 3rd over - 0 runs, 1 hit, 0 errors, 1 left on base; Birmingham 0 - Jackson 0 |
| BOTTOM OF THE 3RD |
|
Jackson Generals batting - Pitching for Birmingham Barons : RHP Mike Mik
|
|
Batting: LHB Brent Dutcher
|
0-0: Ball 1-0: Foul Ball, location: 2F 1-1: SINGLE (Groundball, 34S, EV 61.9 MPH) (infield hit)
|
|
Batting: RHB Justin Colella
|
0-0: Called Strike Brent Dutcher steals 2nd base 0-1: Foul Ball, location: 2F 0-2: Foul Ball, location: 2F 0-2: Ball 1-2: Strikes out looking
|
|
Batting: RHB Egidius Kruger
|
0-0: Fly out, F8 (Flyball, 78M, EV 96.2 MPH)
|
|
Batting: RHB Tomokazu Sugimoto
|
0-0: Foul Ball, location: 2F 0-1: Called Strike 0-2: Ball 1-2: Fly out, F5 (Popup, 5S, EV 73.1 MPH)
|
| Bottom of the 3rd over - 0 runs, 1 hit, 0 errors, 1 left on base; Birmingham 0 - Jackson 0 |
| TOP OF THE 4TH |
|
Birmingham Barons batting - Pitching for Jackson Generals : LHP Andy Mathis
|
|
Batting: RHB Josiah Wright
|
0-0: Swinging Strike 0-1: Swinging Strike 0-2: Ball 1-2: Ball 2-2: Foul Ball, location: 2F 2-2: Foul Ball, location: 2F 2-2: Strikes out swinging
|
|
Batting: LHB Larry Myers
|
0-0: Foul Ball, location: 2F 0-1: Ball 1-1: Swinging Strike 1-2: Strikes out swinging
|
|
Batting: RHB Ethan McCullough
|
0-0: Ball 1-0: Fly out, F9 (Flyball, 89M, EV 91.2 MPH)
|
| Top of the 4th over - 0 runs, 0 hits, 0 errors, 0 left on base; Birmingham 0 - Jackson 0 |
| BOTTOM OF THE 4TH |
|
Jackson Generals batting - Pitching for Birmingham Barons : RHP Mike Mik
|
|
Batting: RHB Enrique Valdez
|
0-0: Ball 1-0: Ball 2-0: Ball 3-0: Called Strike 3-1: Base on Balls
|
|
Batting: RHB Adan Lake
|
0-0: Called Strike Enrique Valdez steals 2nd base 0-1: Ball 1-1: Foul Ball, location: 2F 1-2: Fly out, F8 (Line Drive, 8LS, EV 89.4 MPH)
|
|
Batting: RHB Mike Conaway
|
0-0: Called Strike 0-1: Foul Ball, location: 2F 0-2: SINGLE (Groundball, 56D, EV 106.2 MPH) Enrique Valdez to third
|
|
Batting: RHB Julian Gregory
|
0-0: Called Strike 0-1: Swinging Strike 0-2: Strikes out swinging
|
|
Batting: SHB Brendan Bundy
|
0-0: Ball 1-0: Ball 2-0: Ball 3-0: Called Strike 3-1: 3-RUN HOME RUN (Flyball, 9LD, EV 98.1 MPH), Distance : 361 ft
|
|
Batting: LHB Brent Dutcher
|
0-0: Called Strike 0-1: Ground out 6-3 (Groundball, 6, EV 95.0 MPH)
|
| Bottom of the 4th over - 3 runs, 2 hits, 0 errors, 0 left on base; Birmingham 0 - Jackson 3 |
| TOP OF THE 5TH |
|
Birmingham Barons batting - Pitching for Jackson Generals : LHP Andy Mathis
|
|
Batting: LHB Dalton Silveira
|
0-0: SINGLE (Flyball, 8RS, EV 96.2 MPH)
|
|
Batting: LHB Justin Stickney
|
0-0: Called Strike Dalton Silveira steals 2nd base 0-1: Called Strike Dalton Silveira steals 3rd, throwing error, E2 Dalton Silveira scores 0-2: Foul Ball, location: 2F 0-2: Ball 1-2: Foul Ball, location: 2F 1-2: Ground out U3 (Groundball, 3, EV 103.8 MPH)
|
|
Batting: RHB John Iddings
|
0-0: Foul Ball, location: 2F 0-1: Ball 1-1: Swinging Strike 1-2: Ground out 5-3 (Groundball, 56, EV 84.4 MPH)
|
|
Batting: SHB Jay Gagnon
|
0-0: Called Strike 0-1: Ground out U3 (Groundball, 34, EV 81.9 MPH)
|
| Top of the 5th over - 1 run, 1 hit, 1 error, 0 left on base; Birmingham 1 - Jackson 3 |
| BOTTOM OF THE 5TH |
|
Jackson Generals batting - Pitching for Birmingham Barons : RHP Mike Mik
|
|
Batting: RHB Justin Colella
|
0-0: Foul Ball, location: 2F 0-1: Foul Ball, location: 2F 0-2: Ball 1-2: Foul Ball, location: 2F 1-2: SINGLE (Groundball, 56D, EV 106.9 MPH)
|
|
Batting: RHB Egidius Kruger
|
0-0: Called Strike 0-1: Fielders Choice at 2nd, 5-4 (Groundball, 56, EV 83.1 MPH)
|
|
Batting: RHB Tomokazu Sugimoto
|
0-0: Ball Egidius Kruger steals 2nd base 1-0: Ground out 5-3 (Groundball, 56, EV 94.4 MPH)
|
|
Batting: RHB Enrique Valdez
|
0-0: Called Strike 0-1: Swinging Strike 0-2: Ball 1-2: Ball 2-2: Foul Ball, location: 2F 2-2: Strikes out swinging, 2-3 out at first.
|
| Bottom of the 5th over - 0 runs, 1 hit, 0 errors, 1 left on base; Birmingham 1 - Jackson 3 |
| TOP OF THE 6TH |
|
Birmingham Barons batting - Pitching for Jackson Generals : LHP Andy Mathis
|
|
Batting: RHB Mike Savage
|
0-0: Ball 1-0: Called Strike 1-1: Called Strike 1-2: Strikes out looking
|
|
Batting: SHB Ruben Velasco Jr.
|
0-0: Called Strike 0-1: Swinging Strike 0-2: Ball 1-2: Foul Ball, location: 2F 1-2: Foul Ball, location: 2F 1-2: Strikes out swinging
|
|
Batting: RHB Josiah Wright
|
0-0: SINGLE (Line Drive, 56D, EV 108.8 MPH)
|
|
Pitching: RHP Kieran Easton
|
|
|
Batting: LHB Larry Myers
|
0-0: Called Strike Josiah Wright steals 2nd base 0-1: Ball 1-1: Ball 2-1: Reached via error on a dropped throw from 3B, E3 (Groundball, 56D, EV 107.5 MPH) Josiah Wright to third
|
|
Batting: RHB Ethan McCullough
|
0-0: Ball 1-0: Ground out 4-3 (Groundball, 4, EV 86.9 MPH)
|
| Top of the 6th over - 0 runs, 1 hit, 1 error, 2 left on base; Birmingham 1 - Jackson 3 |
| BOTTOM OF THE 6TH |
|
Jackson Generals batting - Pitching for Birmingham Barons : RHP Mike Mik
|
|
Batting: RHB Adan Lake
|
0-0: Ball 1-0: Ball 2-0: Ball 3-0: Called Strike 3-1: Foul Ball, location: 2F 3-2: Ground out 5-3 (Groundball, 56, EV 88.8 MPH)
|
|
Batting: RHB Mike Conaway
|
0-0: Called Strike 0-1: Ball 1-1: Hit by Pitch
|
|
Pitching: RHP Rick Sacket
|
|
|
Batting: RHB Julian Gregory
|
0-0: Ball 1-0: Ball 2-0: Ball 3-0: Called Strike 3-1: Base on Balls Mike Conaway to second
|
|
Batting: SHB Brendan Bundy
|
0-0: Called Strike 0-1: Ball 1-1: Foul Ball, location: 2F 1-2: Strikes out looking
|
|
Batting: LHB Brent Dutcher
|
0-0: Called Strike 0-1: SINGLE (Groundball, 6M, EV 102.5 MPH) (infield hit) Mike Conaway to third Julian Gregory to second
|
|
Batting: RHB Justin Colella
|
0-0: Ground out 4-3 (Groundball, 4S, EV 70.6 MPH)
|
| Bottom of the 6th over - 0 runs, 1 hit, 0 errors, 3 left on base; Birmingham 1 - Jackson 3 |
| TOP OF THE 7TH |
|
Birmingham Barons batting - Pitching for Jackson Generals : RHP Kieran Easton
|
|
Batting: LHB Dalton Silveira
|
0-0: Ball 1-0: Ball 2-0: Ball 3-0: Called Strike 3-1: Swinging Strike 3-2: Strikes out swinging
|
|
Batting: LHB Justin Stickney
|
0-0: Called Strike 0-1: Ball 1-1: Ball 2-1: Ground out 1-3 (Groundball, 15S, EV 70.0 MPH)
|
|
Pinch Hitting: LHB Matt Hyde
|
0-0: Called Strike 0-1: SINGLE (Line Drive, 78S, EV 92.5 MPH)
|
|
Batting: SHB Jay Gagnon
|
0-0: Called Strike 0-1: Called Strike 0-2: Ball 1-2: Foul Ball, location: 2F 1-2: Ball 2-2: Strikes out swinging
|
| Top of the 7th over - 0 runs, 1 hit, 0 errors, 1 left on base; Birmingham 1 - Jackson 3 |
| BOTTOM OF THE 7TH |
|
Jackson Generals batting - Pitching for Birmingham Barons : RHP Rick Sacket
|
|
Now at SS: Josh Conner
|
|
|
Batting: RHB Egidius Kruger
|
0-0: Ball 1-0: Ground out 6-3 (Groundball, 6, EV 99.4 MPH)
|
|
Batting: RHB Tomokazu Sugimoto
|
0-0: Called Strike 0-1: Ball 1-1: Ball 2-1: Swinging Strike 2-2: Ball 3-2: Foul Ball, location: 2F 3-2: Ground out 6-3 (Groundball, 6, EV 90.6 MPH)
|
|
Batting: RHB Enrique Valdez
|
0-0: SINGLE (Groundball, 6S, EV 60.6 MPH) (infield hit)
|
|
Batting: RHB Adan Lake
|
0-0: Called Strike Enrique Valdez steals 2nd base 0-1: Fly out, F8 (Flyball, 8RM, EV 95.6 MPH)
|
| Bottom of the 7th over - 0 runs, 1 hit, 0 errors, 1 left on base; Birmingham 1 - Jackson 3 |
| TOP OF THE 8TH |
|
Birmingham Barons batting - Pitching for Jackson Generals : RHP Kieran Easton
|
|
Pitching: LHP Ben Burton
|
|
|
Batting: RHB Mike Savage
|
0-0: Called Strike 0-1: Ball 1-1: Ball 2-1: Ground out 4-3 (Groundball, 4M, EV 90.6 MPH)
|
|
Batting: SHB Ruben Velasco Jr.
|
0-0: Ball 1-0: Foul Ball, location: 2F 1-1: Ball 2-1: Swinging Strike 2-2: Foul Ball, location: 2F 2-2: Foul Ball, location: 2F 2-2: Ball 3-2: Hit by Pitch
|
|
Batting: RHB Josiah Wright
|
0-0: Ball 1-0: Called Strike 1-1: Ball Pickoff Throw by Catcher to First - Out! 2-1: Fly out, F9 (Flyball, 9LM, EV 75.6 MPH)
|
| Top of the 8th over - 0 runs, 0 hits, 0 errors, 0 left on base; Birmingham 1 - Jackson 3 |
| BOTTOM OF THE 8TH |
|
Jackson Generals batting - Pitching for Birmingham Barons : RHP Rick Sacket
|
|
Batting: RHB Mike Conaway
|
0-0: Ball 1-0: Foul Ball, location: 2F 1-1: Ground out 5-3 (Groundball, 56, EV 98.8 MPH)
|
|
Batting: RHB Julian Gregory
|
0-0: Called Strike 0-1: Ball 1-1: Ball 2-1: Ball 3-1: Base on Balls
|
|
Batting: SHB Brendan Bundy
|
0-0: Called Strike Julian Gregory is caught stealing 2nd base 2-6 0-1: Ground out 4-3 (Groundball, 4, EV 91.9 MPH)
|
| Bottom of the 8th over - 0 runs, 0 hits, 0 errors, 0 left on base; Birmingham 1 - Jackson 3 |
| TOP OF THE 9TH |
|
Birmingham Barons batting - Pitching for Jackson Generals : LHP Ben Burton
|
|
Pitching: RHP Frank Kats
|
|
|
Now at 1B: Mario Cardona
|
|
|
Now in LF: Brendan Bundy
|
|
|
Now in CF: Kagetoki Kawai
|
|
|
Batting: LHB Larry Myers
|
0-0: Foul Ball, location: 2F 0-1: Ball 1-1: Ball 2-1: Ball 3-1: Base on Balls
|
|
Pinch Hitting: LHB Ryan Dyal
|
0-0: Called Strike 0-1: Foul Ball, location: 2F 0-2: Ball 1-2: 2-RUN HOME RUN (Flyball, 9D, EV 101.9 MPH), Distance : 396 ft
|
|
Batting: LHB Dalton Silveira
|
0-0: Fly out, F4 (Popup, 4, EV 59.4 MPH)
|
|
Batting: LHB Justin Stickney
|
0-0: Called Strike 0-1: Ball 1-1: Ball 2-1: Ball 3-1: Base on Balls
|
|
Batting: SHB Josh Conner
|
0-0: Foul Ball, location: 2F 0-1: Ball 1-1: Swinging Strike 1-2: Ball 2-2: Strikes out swinging
|
|
Batting: SHB Jay Gagnon
|
0-0: Called Strike 0-1: Ball 1-1: Foul Ball, location: 2F 1-2: Strikes out swinging
|
| Top of the 9th over - 2 runs, 1 hit, 0 errors, 1 left on base; Birmingham 3 - Jackson 3 |
| BOTTOM OF THE 9TH |
|
Jackson Generals batting - Pitching for Birmingham Barons : RHP Rick Sacket
|
|
Pitching: LHP Mark Sharrett
|
|
|
Now at C: Noel Wilson
|
|
|
Pinch Hitting: RHB Ching-hsia Zhang
|
0-0: SINGLE (Groundball, 4, EV 94.4 MPH)
|
|
Batting: RHB Justin Colella
|
0-0: Fly out, F8 (Flyball, 8LS, EV 91.9 MPH)
|
|
Batting: RHB Egidius Kruger
|
0-0: Swinging Strike 0-1: Swinging Strike 0-2: SINGLE (Groundball, 25, EV 64.4 MPH) (infield hit) Ching-hsia Zhang to second
|
|
Batting: RHB Tomokazu Sugimoto
|
0-0: Ball 1-0: Ball 2-0: Ball 3-0: Base on Balls Ching-hsia Zhang to third Egidius Kruger to second
|
|
Batting: RHB Enrique Valdez
|
0-0: Foul Ball, location: 2F 0-1: Ball 1-1: Fly out, F7 (Flyball, 7D, EV 105.0 MPH) Runner from 3rd tags up, SCORES, throw by LF
|
| Bottom of the 9th over - 1 run, 2 hits, 0 errors, 2 left on base; Birmingham 3 - Jackson 4 |
|